 Dungeon Crawl Stone Soup version 0.29.0-5-ge4962eb29e (webtiles) character file.

Game seed: 12647157875080877176

25832 adizb the Brawler (level 12, -9/126 HPs)
             Began as a Troll Berserker on Aug 29, 2022.
             Was an Elder of Trog.
             Succumbed to Nessos's poison
             ... on level 4 of the Lair of Beasts.
             The game lasted 00:39:52 (9046 turns).

adizb the Brawler (Troll Berserker)                 Turns: 9046, Time: 00:39:53

Health: -9/126     AC: 17    Str: 32    XL:     12   Next: 93%
Magic:  11/11      EV: 12    Int:  3    God:    Trog [****..]
Gold:   965        SH:  0    Dex:  9    Spells: 11/11 levels left

rFire   . . .      SeeInvis .     - Unarmed
rCold   . . .      Faith    .   (no shield)
rNeg    . . .      Spirit   .   B - +4 troll leather armour
rPois   .          Reflect  .   (helmet restricted)
rElec   .          Harm     .   c - +2 cloak
rCorr   .          Rampage  .   (gloves unavailable)
Will    ++...                   (boots unavailable)
Stlth   +.........              b - amulet of regeneration
HPRegen 3.71/turn               A - +4 ring of slaying
MPRegen 0.12/turn               q - +4 ring of protection

@: lethally poisoned (-9 -> -24), strong-willed, on berserk cooldown,
regenerating, slowed, very slow
A: large, unfitting armour, claws 3, regeneration 1, shaggy fur 1, tough skin 1
a: Renounce Religion, Berserk, Trog's Hand, Brothers in Arms


You were on level 4 of the Lair of Beasts.
You worshipped Trog.
Trog was greatly pleased with you.
You visited 2 branches of the dungeon, and saw 17 of its levels.
You visited the Abyss 1 time.
You also visited: Gauntlet.

You collected 1145 gold pieces.
You spent 180 gold pieces at shops.

Inventory:

Missiles
 D - 2 throwing nets (quivered)
Armour
 c - a +2 cloak (worn)
 B - a +4 troll leather armour (worn)
 G - a scarf of harm
Jewellery
 b - an amulet of regeneration (around neck)
 f - a ring of flight
 h - an amulet of reflection
 q - a +4 ring of protection (right claw)
 y - a ring of protection from cold
 A - a +4 ring of slaying (left claw)
 M - a +6 ring of dexterity
Wands
 p - a wand of flame (40)
 r - a wand of roots (13)
 v - a wand of digging (6)
 F - a wand of polymorph (3)
 I - a wand of acid (7)
 N - a wand of mindburst (8)
Scrolls
 d - a scroll of vulnerability
 g - 10 scrolls of teleportation
 i - 5 scrolls of enchant weapon
 j - 3 scrolls of poison
 k - 2 scrolls of fear
 l - 2 scrolls of magic mapping
 n - a scroll of blinking
 s - a scroll of summoning
 C - a scroll of enchant armour
 E - 3 scrolls of identify
 L - 2 scrolls of butterflies {unknown}
Potions
 a - a potion of attraction {unknown}
 e - 3 potions of haste
 m - 2 potions of resistance {unknown}
 o - a potion of ambrosia
 t - 7 potions of curing
 u - 3 potions of heal wounds
 w - a potion of mutation
 x - 3 potions of flight
 z - 3 potions of magic
 H - a potion of cancellation
 J - a potion of invisibility {unknown}
 K - a potion of might
Miscellaneous
 O - a box of beasts


   Skills:
 + Level 9.7 Fighting
 + Level 9.7 Dodging
 * Level 15.7 Unarmed Combat


You had 11 spell levels left.
You didn't know any spells.
Your spell library was empty.

Dungeon Overview and Level Annotations

Branches:
Dungeon (12/15)            Temple (0/1) D:5            Lair (5/5) D:10
 Shoals (0/4) Lair:2       Spider (0/4) Lair:3          Orc (0/2) D:12
Gauntlet (visited)
  Slime: Lair:4-5

Altars:
Dithmenos
Fedhas
Makhleb
Nemelex Xobeh
Okawaru
Ru
Sif Muna
Trog
Uskayaw
Yredelemnul
Zin
The Shining One

Shops:
D:7 *

Annotations:
Lair:5 Nessos


Innate Abilities, Weirdness & Mutations

You are too large for most types of armour.
You have claws for hands.
Your natural rate of healing is unusually fast.
You are covered in fur. (AC +1)
You have tough skin. (AC +1)


Message History

A water moccasin comes into view.
You feel a strong urge to attack something.
You feel sick.
The water moccasin hisses angrily.
Nessos shoots an arrow.
The arrow hits you! The arrow burns you.
You are more poisoned.
You feel very sick.
Nessos shoots an arrow.
The arrow hits you! The arrow burns you.
Nessos shoots an arrow.
The arrow hits you! The arrow burns you.
You are more poisoned.
You feel your anger nearly subside.
You are no longer berserk.
You are exhausted.
You feel yourself slow down.
You feel extremely sick.
Nessos shoots an arrow.
The arrow completely misses you.
Nessos shoots an arrow.
The arrow hits you! The arrow burns you.
You are more poisoned.
You feel extremely sick.
Nessos shoots an arrow.
The arrow hits you!
* * * LOW HITPOINT WARNING * * *
The arrow burns you.
* * * LOW HITPOINT WARNING * * *
Nessos shoots an arrow.
The arrow hits you!
* * * LOW HITPOINT WARNING * * *
The arrow burns you.
You are lethally poisoned!
* * * LOW HITPOINT WARNING * * *
Nessos shoots an arrow.
The arrow barely misses you. The black mamba misses you.
There is a stone staircase leading up, spattered with blood here.
* * * LOW HITPOINT WARNING * * *
You feel extremely sick.
Nessos casts a spell.
Nessos blinks!
The black mamba bites you but does no damage.
The water moccasin bites you but does no damage.
The black mamba closely misses you.
The water moccasin bites you but does no damage.
You climb upwards.
You die...

..........# .#
...........##... #...
#......... #...
##.........# ##..S
#....#$#...# #....
##...##....##
#....##.....#....P##.
#.........##.<...#.PP
#...@.....##......P..
#...SS#P...#.......P..
##...###..............
#... #..#............
#.... ##.............[
##... #......††......
P... ###............
##... ##...........
###.....####


You could see a black mamba and 2 water moccasins.

Vanquished Creatures
  A minotaur (Gauntlet)
  An entropy weaver (Gauntlet)
  Harold (D:11)
  2 hydras
  A boulder beetle (D:11)
  Erica (Lair:2)
  A catoblepas (Gauntlet)
  A wolf spider (Gauntlet)
  An ugly thing (D:9)
  The ghost of LustLizard the Gusty, a novice GnWn of Yredelemnul (D:5)
  A cyclops (D:12)
  5 elephants (Lair:2)
  2 black mambas
  3 gargoyles
  6 cane toads
  Maggie (Lair:2)
  6 komodo dragons
  A rime drake (Lair:2)
  Grinder (D:3)
  2 trolls
  5 blink frogs (Lair:2)
  Prince Ribbit (Lair:2)
  2 jumping spiders (Lair:3)
  A wyvern (D:10)
  A vampire (D:10)
  2 culicivoras (Lair:3)
  10 yaks
  A wraith (D:10)
  A basilisk (Lair:3)
  A steam dragon (D:8)
  4 vampire mosquitoes (D:12)
  5 redbacks
  2 swamp worms (Gauntlet)
  9 water moccasins
  An ice beast (D:7)
  4 orc warriors
  A black bear (D:7)
  12 wolves
  A sky beast (D:8)
  An ogre (D:5)
  6 centaurs
  2 kobold brigands
  2 necrophages (D:6)
  13 bullfrogs
  3 scorpions
  The ghost of gdog the Covert, a weakling GnDe (D:6)
  9 killer bees
  3 howler monkeys
  An electric eel (Lair:2)
  A crimson imp (D:6)
  A gnoll bouda (D:7)
  5 hounds
  3 jellies
  4 orc priests
  An iguana (D:4)
  18 orc wizards
  5 hell rats (Lair:3)
  15 gnolls
  11 adders
  2 shadow imps
  2 white imps
  An ufetubus (D:6)
  4 worms
  52 orcs
  7 bats
  8 endoplasms
  3 giant cockroaches
  4 hobgoblins
  2 jackals (D:4)
  A quokka (D:2)
  7 ball pythons
  4 frilled lizards
  9 goblins
  16 kobolds
  4 rats
334 creatures vanquished.

Vanquished Creatures (others)
  An unseen horror (D:10)
  9 fungi
  9 plants
19 creatures vanquished.

Grand Total: 353 creatures vanquished

Notes
Turn   | Place    | Note
-------+----------+-------------------------------------------
     0 | D:1      | adizb the Troll Berserker began the quest for the Orb.
     0 | D:1      | Reached XP level 1. HP: 22/22 MP: 0/0
   287 | D:1      | Reached XP level 2. HP: 29/29 MP: 1/1
   601 | D:2      | Found a faded altar of an unknown god.
   729 | D:2      | Reached XP level 3. HP: 33/36 MP: 2/2
  1005 | D:2      | Reached skill level 4 in Unarmed Combat
  1113 | D:3      | Noticed a kobold brigand
  1151 | D:3      | Reached ** piety under Trog
  1152 | D:3      | Reached XP level 4. HP: 18/44 MP: 3/3
  1354 | D:3      | Noticed Grinder
  1356 | D:3      | Paralysed by Grinder for 2 turns
  1375 | D:3      | Killed Grinder
  1376 | D:3      | Reached skill level 5 in Unarmed Combat
  1376 | D:3      | Reached XP level 5. HP: 34/53 MP: 4/4
  1376 | D:3      | Reached XP level 6. HP: 39/61 MP: 5/5
  1652 | Abyss:1  | Cast into level 1 of the Abyss (orc)
  1695 | D:3      | Escaped the Abyss
  1797 | D:3      | Found a basalt altar of Yredelemnul.
  1919 | D:4      | Reached *** piety under Trog
  1977 | D:4      | Reached skill level 6 in Unarmed Combat
  2096 | D:4      | Found a sparkling altar of Nemelex Xobeh.
  2115 | D:4      | Found a glowing golden altar of the Shining One.
  2154 | D:4      | Reached XP level 7. HP: 64/68 MP: 6/6
  2706 | D:5      | Entered Level 5 of the Dungeon
  2782 | D:5      | Found a runed translucent gate.
  2782 | D:5      | Found a runed translucent gate.
  2782 | D:5      | Noticed LustLizard's ghost (novice GnWn)
  2788 | D:5      | Found a runed translucent gate.
  2821 | D:5      | Killed LustLizard's ghost
  2822 | D:5      | Reached skill level 7 in Unarmed Combat
  2822 | D:5      | Reached XP level 8. HP: 79/79 MP: 7/7
  3173 | D:5      | Reached skill level 8 in Unarmed Combat
  3202 | D:5      | Reached skill level 5 in Fighting
  3202 | D:5      | Reached skill level 5 in Dodging
  3351 | D:5      | Found a staircase to the Ecumenical Temple.
  3766 | D:6      | Found a runed translucent gate.
  3766 | D:6      | Found a runed translucent gate.
  3766 | D:6      | Found a runed translucent gate.
  3766 | D:6      | Noticed gdog's ghost (weakling GnDe)
  3774 | D:6      | Killed gdog's ghost
  3824 | D:6      | Found a burning altar of Makhleb.
  3986 | D:7      | Reached XP level 9. HP: 65/88 MP: 8/8
  3992 | D:7      | Reached skill level 9 in Unarmed Combat
  4080 | D:7      | Found a glowing silver altar of Zin.
  4139 | D:7      | Reached **** piety under Trog
  4143 | D:7      | Found a blossoming altar of Fedhas.
  4264 | D:7      | Found Wegedd's Assorted Antiques.
  4294 | D:7      | Bought a sedimented cyan potion for 21 gold pieces
  4294 | D:7      | Bought a pink potion for 21 gold pieces
  4294 | D:7      | Bought a scroll labelled CYTEPN FAAGEY for 24 gold pieces
  4294 | D:7      | Bought a bubbling sapphire potion for 21 gold pieces
  4294 | D:7      | Bought 2 scrolls labelled VECARANENO for 48 gold pieces
  4294 | D:7      | Bought a scroll labelled CYTEPN FAAGEY for 24 gold pieces
  4294 | D:7      | Bought a green potion for 21 gold pieces
  4309 | D:7      | Identified a scroll of acquirement
  4309 | D:7      | Acquired an amulet of regeneration
  4839 | D:8      | Reached skill level 10 in Unarmed Combat
  5134 | D:8      | Found a faded altar of an unknown god.
  5134 | D:8      | Found a bloodstained altar of Trog.
  5142 | D:8      | Found a shadowy altar of Dithmenos.
  5144 | D:8      | Found a faded altar of an unknown god.
  5146 | D:8      | Found a sacrificial altar of Ru.
  5263 | D:9      | Noticed a troll
  5270 | D:9      | Killed a troll
  5472 | D:9      | Found an iron altar of Okawaru.
  5477 | D:9      | Reached XP level 10. HP: 100/100 MP: 9/9
  5541 | D:9      | Noticed a red ugly thing
  5551 | D:9      | Killed a red ugly thing
  5587 | D:9      | Reached skill level 11 in Unarmed Combat
  5908 | D:9      | Reached ***** piety under Trog
  5966 | D:10     | Entered Level 10 of the Dungeon
  5966 | D:10     | Found a hide-covered altar of Uskayaw.
  6056 | D:10     | Found a staircase to the Lair.
  6062 | D:10     | Noticed a gargoyle
  6067 | D:10     | Killed a gargoyle
  6151 | D:10     | You are sucked into a shaft and drop 2 floors!
  6292 | D:12     | Found a staircase to the Orcish Mines.
  6614 | D:12     | Reached skill level 12 in Unarmed Combat
  6622 | D:12     | Found a shimmering blue altar of Sif Muna.
  6642 | D:12     | Noticed a cyclops
  6656 | D:12     | Killed a cyclops
  6705 | D:11     | Noticed Harold
  6716 | D:11     | Killed Harold
  6784 | D:11     | Noticed a gargoyle
  6788 | D:11     | Killed a gargoyle
  6789 | D:11     | Reached XP level 11. HP: 109/109 MP: 10/10
  6792 | D:11     | Noticed a boulder beetle
  6801 | D:11     | Killed a boulder beetle
  6941 | Lair:1   | Entered Level 1 of the Lair of Beasts
  6992 | Lair:1   | Reached skill level 13 in Unarmed Combat
  7540 | Lair:2   | Noticed Maggie
  7567 | Lair:2   | Killed Maggie
  7602 | Lair:2   | Reached skill level 14 in Unarmed Combat
  7649 | Lair:2   | Noticed Prince Ribbit
  7654 | Lair:2   | Killed Prince Ribbit
  7725 | Lair:2   | Reached XP level 12. HP: 110/122 MP: 11/11
  7804 | Lair:2   | Found a staircase to the Shoals.
  7807 | Lair:2   | Noticed an eight-headed hydra
  7816 | Lair:2   | Killed a 13-headed hydra
  7923 | Lair:2   | Noticed Erica
  7932 | Lair:2   | Killed Erica
  8058 | Lair:3   | Noticed a seven-headed hydra
  8066 | Lair:3   | Killed an 11-headed hydra
  8137 | Lair:3   | Found a hole to the Spider Nest.
  8163 | Lair:3   | Received a gift from Trog
  8190 | Lair:3   | Found a gate leading to a gauntlet.
  8199 | Gauntlet | Entered a Gauntlet
  8199 | Gauntlet | Noticed a catoblepas
  8199 | Gauntlet | Found a transporter.
  8199 | Gauntlet | Found a transporter.
  8199 | Gauntlet | Found a runed translucent door.
  8200 | Gauntlet | Found a runed translucent door.
  8200 | Gauntlet | Noticed a death scarab
  8211 | Gauntlet | Found a transporter.
  8215 | Gauntlet | Found a transporter.
  8221 | Gauntlet | Noticed a catoblepas
  8223 | Gauntlet | Found a transporter.
  8227 | Gauntlet | Found a transporter.
  8229 | Gauntlet | Noticed a death scarab
  8231 | Gauntlet | Found a runed translucent door.
  8231 | Gauntlet | Found a runed translucent door.
  8235 | Gauntlet | Found a transporter.
  8235 | Gauntlet | Noticed a death scarab
  8235 | Gauntlet | Found the +3 crown of Dyrovepreva {rElec Int+2 SInv}
  8252 | Gauntlet | Found a transporter.
  8259 | Gauntlet | Noticed an entropy weaver
  8267 | Gauntlet | Found a transporter.
  8271 | Gauntlet | Found a transporter.
  8279 | Gauntlet | Found a transporter.
  8283 | Gauntlet | Found a transporter.
  8332 | Gauntlet | Killed a catoblepas
  8391 | Gauntlet | Reached skill level 15 in Unarmed Combat
  8394 | Gauntlet | Killed an entropy weaver
  8457 | Gauntlet | Noticed a minotaur
  8466 | Gauntlet | Killed a minotaur
  8755 | Lair:3   | Identified the +7 chain mail of Eternal Vigilance {Rampage
                  | rElec}
  9034 | Lair:5   | Entered Level 5 of the Lair of Beasts
  9034 | Lair:5   | Noticed Nessos
  9045 | Lair:5   | HP: 1/126 [poisoned by Nessos]
  9046 | Lair:4   | Succumbed to Nessos's poison

Illustrated notes

Levels and vault maps discovered:
D:1:      dpeg_arrival_lava_temple_mockup, layout_basic
D:2:      layout_basic, chequers_ecumenical_altar_island, minmay_tiny_reverse_x
D:3:      layout_loops_ring, lemuel_coloured_pillars_altar,
          lightli_corner_chamber, uniq_grinder
D:4:      layout_layer_cave, nemelex_dance_club_becter, amcnicky_altar_gilded
D:5:      layout_loops_corners, minmay_temple_entry_glassed_door,
          gammafunk_ghost_nasty_kobolds, minivault_1,
          kennysheep_cross_bottleneck
D:6:      layout_basic, makhleb_grotto_becter, ebering_ghost_rock_garden
D:7:      layout_rooms, zin_academy, fedhas_altar_2, serial_shops,
          nicolae_shop_stone
D:8:      layout_gridville, chequers_temple_overflow_minitemple
D:9:      layout_loops_ring, okawaru_altar_gauntlet_db
D:10:     layout_roguey, eat_drink_and_be_merry_uskayaw, lair_entry_dummy
D:11:     layout_big_octagon, uniq_harold
D:12:     layout_grid_maze, david_orc_2, kennysheep_orc_sif_temple,
          uniq_josephine
Lair:1:   layout_gridlike, grunt_megastairs_4
Lair:2:   layout_hall_layers, shoals_dummy_entry,
          nicolae_quartered_pool_impasse, serial_bayou_ford_a, uniq_erica,
          uniq_maggie, uniq_prince_ribbit2
Lair:3:   layout_regular_city, nicolae_spider_entry_tight_spaces,
          gauntlet_entry_generic, infiniplex_staircase_pool_2
Lair:4:   layout_concentric_octagons, gammafunk_ghost_cemetery,
          grunt_megastairs_2, serial_bayou_shore_a, lemuel_fruit_tree,
          lemuel_fruit_fields
Lair:5:   wormcave, layout_hall_layers, hangedman_lair_in_review, slime_entry_2,
          st_stairs_8, uniq_urug, uniq_nessos

Skill      XL: |  1  2  3  4  5  6  7  8  9 10 11 12 |
---------------+-------------------------------------+-----
Unarmed Combat | 4 5 6 7 8 10 12 14 15 | 15.7
Dodging        | 3 4 5 6 7 8 9 |  9.7
Fighting       | 3 4 5 6 7 8 9 |  9.7

Action                   |  1- 3 |  4- 6 |  7- 9 | 10-12 || total
-------------------------+-------+-------+-------+-------++-------
Melee: Unarmed           |    76 |    93 |   273 |   466 ||   908
       Punch             |     1 |     1 |    15 |    24 ||    41
Invok: Berserk           |       |       |     4 |     8 ||    12
       Trog's Hand       |       |       |     5 |     8 ||    13
  Use: Scroll            |       |       |    17 |     8 ||    25
       Potion            |       |       |     6 |       ||     6
 Stab: Sleeping          |     2 |       |       |       ||     2
Armor: Animal skin       |    19 |    17 |    66 |    58 ||   160
       Troll leather arm |       |       |       |   206 ||   206
Dodge: Dodged            |    35 |    28 |   143 |   296 ||   502
Block: Other             |    10 |     8 |    38 |       ||    56
       Reflection        |       |       |     1 |       ||     1
